BSA
GREENVILLE 84S @ CHICAGO MACHINE
07/12/2030
 
TOP OF THE 1ST
Greenville 84s batting - Pitching for Chicago Machine : RHP Rod Day
Pitching: RHP Rod Day
Batting: LHB Stanley Smith 0-0: Ball
1-0: Fly out, F4 (Popup, 34S)
Batting: LHB Juan Cortés 0-0: Called Strike
0-1: Ball
1-1: Ball
2-1: SINGLE (Line Drive, 6MD)
Batting: RHB Enzo Díaz 0-0: Ball
1-0: Called Strike
1-1: Grounds into double play, 6-4-3 (Groundball, 6)
Top of the 1st over - 0 runs, 1 hit, 0 errors, 0 left on base; Greenville 0 - Chicago 0
BOTTOM OF THE 1ST
Chicago Machine batting - Pitching for Greenville 84s : LHP Darrell Harding
Pitching: LHP Darrell Harding
Batting: RHB Pablo Sandoval 0-0: Swinging Strike
0-1: Swinging Strike
0-2: Ball
1-2: DOUBLE (Line Drive, 7D)
Batting: SHB José Alomar 0-0: Ball
1-0: Swinging Strike
1-1: Ball
2-1: Called Strike
2-2: Strikes out looking
Batting: RHB Will Lott 0-0: Called Strike
0-1: Ball
1-1: Foul Ball, location: 2F
1-2: Strikes out looking
Batting: SHB Clint Woods 0-0: SINGLE (Groundball, 6MD)
Pablo Sandoval to third
Runner from 3rd tries for Home, SAFE, no throw
Batting: LHB Bernardo Montés 0-0: Ball
1-0: Foul Ball, location: 2F
1-1: Ball
2-1: Ball
3-1: Foul Ball, location: 2F
3-2: Foul Ball, location: 2F
3-2: Base on Balls
Clint Woods to second
Batting: RHB Gonzalo Gil 0-0: Ball
1-0: Hit by Pitch
Clint Woods to third
Bernardo Montés to second
Batting: LHB Burt Ward 0-0: Foul Ball, location: 2F
0-1: Swinging Strike
0-2: Ball
1-2: Ball
2-2: Strikes out swinging
Bottom of the 1st over - 1 run, 2 hits, 0 errors, 3 left on base; Greenville 0 - Chicago 1
TOP OF THE 2ND
Greenville 84s batting - Pitching for Chicago Machine : RHP Rod Day
Batting: LHB Brock Larsen 0-0: Ball
1-0: Ball
2-0: Ground out 6-3 (Groundball, 6)
Batting: LHB Robert Moore 0-0: Foul Ball, location: 2F
0-1: Ball
1-1: Called Strike
1-2: Foul Ball, location: 2F
1-2: Strikes out swinging
Batting: RHB Casey Fox 0-0: Ball
1-0: Ground out 3-1 (Groundball, 34)
Top of the 2nd over - 0 runs, 0 hits, 0 errors, 0 left on base; Greenville 0 - Chicago 1
BOTTOM OF THE 2ND
Chicago Machine batting - Pitching for Greenville 84s : LHP Darrell Harding
Batting: LHB Edward Bennett 0-0: Ball
1-0: Called Strike
1-1: Foul Ball, location: 2F
1-2: Strikes out swinging
Batting: SHB Edward Bartlett 0-0: Ball
1-0: Swinging Strike
1-1: Ground out 3-1 (Groundball, 34)
Batting: RHB Pablo Sandoval 0-0: Called Strike
0-1: Ball
1-1: Ball
2-1: Foul Ball, location: 2F
2-2: Foul Ball, location: 2F
2-2: Foul Ball, location: 2F
2-2: Ground out 6-3 (Groundball, 4MS)
Bottom of the 2nd over - 0 runs, 0 hits, 0 errors, 0 left on base; Greenville 0 - Chicago 1
TOP OF THE 3RD
Greenville 84s batting - Pitching for Chicago Machine : RHP Rod Day
Batting: RHB Pat Fernández 0-0: Called Strike
0-1: Foul Ball, location: 2F
0-2: TRIPLE (Flyball, 89XD)
Batting: RHB Robert Buckley 0-0: Called Strike
0-1: Swinging Strike
0-2: Strikes out swinging
Batting: RHB Jeff Packard 0-0: Foul Ball, location: 2F
0-1: Called Strike
0-2: Ground out 6-3 (Groundball, 6S)
Pat Fernández scores
Batting: LHB Stanley Smith 0-0: Ball
1-0: Ground out 4-3 (Groundball, 4)
Top of the 3rd over - 1 run, 1 hit, 0 errors, 0 left on base; Greenville 1 - Chicago 1
BOTTOM OF THE 3RD
Chicago Machine batting - Pitching for Greenville 84s : LHP Darrell Harding
Batting: SHB José Alomar 0-0: Called Strike
0-1: Foul Ball, location: 2F
0-2: Strikes out looking
Batting: RHB Will Lott 0-0: Swinging Strike
0-1: Ball
1-1: Called Strike
1-2: Strikes out swinging
Batting: SHB Clint Woods 0-0: Swinging Strike
0-1: Ball
1-1: Called Strike
1-2: Ball
2-2: Foul Ball, location: 2F
2-2: Foul Ball, location: 2F
2-2: Ball
3-2: Strikes out swinging
Bottom of the 3rd over - 0 runs, 0 hits, 0 errors, 0 left on base; Greenville 1 - Chicago 1
TOP OF THE 4TH
Greenville 84s batting - Pitching for Chicago Machine : RHP Rod Day
Batting: LHB Juan Cortés 0-0: Ball
1-0: Called Strike
1-1: Swinging Strike
1-2: Foul Ball, location: 2F
1-2: Foul Ball, location: 2F
1-2: Strikes out looking
Batting: RHB Enzo Díaz 0-0: Ball
1-0: Ball
2-0: Foul Ball, location: 2F
2-1: Called Strike
2-2: Ball
3-2: Strikes out looking
Batting: LHB Brock Larsen 0-0: Foul Ball, location: 2F
0-1: DOUBLE (Line Drive, 9LM)
Batting: LHB Robert Moore 0-0: Fly out, F6 (Popup, 6MD)
Top of the 4th over - 0 runs, 1 hit, 0 errors, 1 left on base; Greenville 1 - Chicago 1
BOTTOM OF THE 4TH
Chicago Machine batting - Pitching for Greenville 84s : LHP Darrell Harding
Batting: LHB Bernardo Montés 0-0: Ball
1-0: Ball
2-0: Fly out, F9 (Flyball, 9S)
Batting: RHB Gonzalo Gil 0-0: Hit by Pitch
Batting: LHB Burt Ward 0-0: Called Strike
0-1: Ball
Gonzalo Gil steals 2nd base
1-1: Ball
2-1: Foul Ball, location: 2F
2-2: Ball
3-2: Fly out, F7 (Flyball, 7S)
Batting: LHB Edward Bennett 0-0: Called Strike
0-1: Swinging Strike
0-2: Strikes out looking
Bottom of the 4th over - 0 runs, 0 hits, 0 errors, 1 left on base; Greenville 1 - Chicago 1
TOP OF THE 5TH
Greenville 84s batting - Pitching for Chicago Machine : RHP Rod Day
Batting: RHB Casey Fox 0-0: Ball
1-0: Called Strike
1-1: Ground out 6-3 (Groundball, 6)
Batting: RHB Pat Fernández 0-0: Swinging Strike
0-1: Ball
1-1: Ball
2-1: Ground out 4-3 (Groundball, 4S)
Batting: RHB Robert Buckley 0-0: Ground out 4-3 (Groundball, 4)
Top of the 5th over - 0 runs, 0 hits, 0 errors, 0 left on base; Greenville 1 - Chicago 1
BOTTOM OF THE 5TH
Chicago Machine batting - Pitching for Greenville 84s : LHP Darrell Harding
Batting: SHB Edward Bartlett 0-0: Ball
1-0: Called Strike
1-1: Ground out 6-3 (Groundball, 6M)
Batting: RHB Pablo Sandoval 0-0: Ball
1-0: Called Strike
1-1: Ball
2-1: Called Strike
2-2: Foul Ball, location: 2F
2-2: Ball
3-2: DOUBLE (Line Drive, 78D)
Batting: SHB José Alomar 0-0: Called Strike
0-1: Ball
1-1: Called Strike
1-2: SINGLE (Line Drive, 56)
Pablo Sandoval to third
Runner from 3rd tries for Home, SAFE, no throw
Pitching: LHP Ed Stevens
Batting: RHB Will Lott 0-0: Ball
1-0: Ball
Balk!
José Alomar to second
2-0: Fly out, F8 (Flyball, 8RS)
Batting: SHB Clint Woods 0-0: Called Strike
0-1: Fly out, F8 (Flyball, 8LM)
Bottom of the 5th over - 1 run, 2 hits, 0 errors, 1 left on base; Greenville 1 - Chicago 2
TOP OF THE 6TH
Greenville 84s batting - Pitching for Chicago Machine : RHP Rod Day
Batting: RHB Jeff Packard 0-0: Fly out, F7 (Flyball, 78M)
Batting: LHB Stanley Smith 0-0: Called Strike
0-1: SINGLE (Flyball, 34D)
Batting: LHB Juan Cortés 0-0: Called Strike
0-1: Called Strike
0-2: Ball
1-2: Ball
2-2: Ball
Stanley Smith is caught stealing 2nd base
3-2: Base on Balls
Batting: RHB Enzo Díaz 0-0: Ball
1-0: Ball
2-0: Called Strike
2-1: SINGLE (Flyball, 7LS)
Juan Cortés to second
Batting: LHB Brock Larsen 0-0: Swinging Strike
0-1: Foul Ball, location: 2F
0-2: Foul Ball, location: 2F
0-2: Ground out 4-3 (Groundball, 4)
Top of the 6th over - 0 runs, 2 hits, 0 errors, 2 left on base; Greenville 1 - Chicago 2
BOTTOM OF THE 6TH
Chicago Machine batting - Pitching for Greenville 84s : LHP Ed Stevens
Batting: LHB Bernardo Montés 0-0: Ball
1-0: SINGLE (Groundball, 4M) (infield hit)
Batting: RHB Gonzalo Gil 0-0: Called Strike
0-1: Fly out, F8 (Flyball, 78M)
Batting: LHB Burt Ward 0-0: Ball
1-0: Called Strike
1-1: Ball
2-1: Foul Ball, location: 2F
2-2: Ball
3-2: DOUBLE (Flyball, 8RD)
Bernardo Montés to third
Runner from 3rd tries for Home, SAFE, no throw
Batting: LHB Edward Bennett 0-0: Called Strike
0-1: Fly out, F1 (Line Drive, 15)
Batting: SHB Edward Bartlett 0-0: Ball
1-0: Called Strike
1-1: Foul Ball, location: 2F
1-2: SINGLE (Line Drive, 6MD)
Burt Ward to third
Runner from 3rd tries for Home, SAFE, no throw
Pitching: LHP Walt MacKey
Batting: RHB Pablo Sandoval 0-0: Called Strike
0-1: SINGLE (Groundball, 34S) (infield hit)
Edward Bartlett to second
Batting: SHB José Alomar 0-0: Ground out 3-1 (Groundball, 34)
Bottom of the 6th over - 2 runs, 4 hits, 0 errors, 2 left on base; Greenville 1 - Chicago 4
TOP OF THE 7TH
Greenville 84s batting - Pitching for Chicago Machine : RHP Rod Day
Batting: LHB Robert Moore 0-0: Foul Ball, location: 2F
0-1: Foul Ball, location: 2F
0-2: Ball
1-2: Ball
2-2: Ball
3-2: Foul Ball, location: 2F
3-2: Strikes out looking
Batting: RHB Casey Fox 0-0: Called Strike
0-1: Foul Ball, location: 2F
0-2: Ball
1-2: Ball
2-2: Foul Ball, location: 2F
2-2: Foul Ball, location: 2F
2-2: Foul Ball, location: 2F
2-2: Fly out, F3 (Popup, 3F)
Batting: RHB Pat Fernández 0-0: Ball
1-0: SINGLE (Groundball, 4D)
Batting: RHB Robert Buckley 0-0: Called Strike
0-1: Ball
1-1: Swinging Strike
1-2: Fly out, F6 (Line Drive, 6)
Top of the 7th over - 0 runs, 1 hit, 0 errors, 1 left on base; Greenville 1 - Chicago 4
BOTTOM OF THE 7TH
Chicago Machine batting - Pitching for Greenville 84s : LHP Walt MacKey
Batting: RHB Will Lott 0-0: Called Strike
0-1: Swinging Strike
0-2: Ball
1-2: Strikes out swinging
Batting: SHB Clint Woods 0-0: Ball
1-0: TRIPLE (Flyball, 9D)
Batting: LHB Bernardo Montés 0-0: Foul Ball, location: 2F
0-1: Ball
1-1: SINGLE (Line Drive, 4M)
Clint Woods scores
Batting: RHB Gonzalo Gil 0-0: Called Strike
0-1: Swinging Strike
0-2: Grounds into double play, 6-4-3 (Groundball, 56)
Bottom of the 7th over - 1 run, 2 hits, 0 errors, 0 left on base; Greenville 1 - Chicago 5
TOP OF THE 8TH
Greenville 84s batting - Pitching for Chicago Machine : RHP Rod Day
Pitching: RHP Juan Rodríguez
Batting: RHB Jeff Packard 0-0: Ball
1-0: Ball
2-0: Called Strike
2-1: Foul Ball, location: 2F
2-2: Foul Ball, location: 2F
2-2: Foul Ball, location: 2F
2-2: Ball
3-2: Base on Balls
Batting: LHB Stanley Smith 0-0: Ball
1-0: Fielders Choice at 2nd, 4-6 (Groundball, 4)
Batting: LHB Juan Cortés 0-0: Foul Ball, location: 2F
0-1: DOUBLE (Groundball, 3L)
Stanley Smith to third
Batting: RHB Enzo Díaz 0-0: Foul Ball, location: 2F
0-1: Ball
1-1: Called Strike
1-2: Ball
2-2: Fly out, F8 (Flyball, 8RD)
Runner from 3rd tags up, SCORES, throw made
Batting: LHB Brock Larsen 0-0: Ball
1-0: 2-RUN HOME RUN (Flyball, 9LD), Distance : 442 ft
Pitching: RHP Chris Mitchell
Batting: LHB Robert Moore 0-0: Called Strike
0-1: Swinging Strike
0-2: Ball
1-2: Foul Ball, location: 2F
1-2: Reached via error on a dropped throw, E3
Batting: RHB Casey Fox 0-0: Called Strike
0-1: Swinging Strike
0-2: Ball
1-2: Ball
2-2: SINGLE (Flyball, 78S)
Robert Moore to second
Batting: RHB Pat Fernández 0-0: Called Strike
0-1: Fielders Choice at 2nd, 5-4 (Groundball, 56)
Top of the 8th over - 3 runs, 3 hits, 1 error, 2 left on base; Greenville 4 - Chicago 5
BOTTOM OF THE 8TH
Chicago Machine batting - Pitching for Greenville 84s : LHP Walt MacKey
Batting: LHB Burt Ward 0-0: Foul Ball, location: 2F
0-1: Ball
1-1: Fly out, F7 (Flyball, 7S)
Batting: LHB Edward Bennett 0-0: Called Strike
0-1: Fly out, F9 (Flyball, 89D)
Batting: SHB Edward Bartlett 0-0: Swinging Strike
0-1: Foul Ball, location: 2F
0-2: Ground out 6-3 (Groundball, 6)
Bottom of the 8th over - 0 runs, 0 hits, 0 errors, 0 left on base; Greenville 4 - Chicago 5
TOP OF THE 9TH
Greenville 84s batting - Pitching for Chicago Machine : RHP Chris Mitchell
Pinch Hitting: LHB Jimmy Vickers 0-0: Ball
1-0: Ball
2-0: Called Strike
2-1: DOUBLE (Line Drive, 5D)
Batting: RHB Jeff Packard 0-0: Ball
1-0: Ground out 6-3 (Groundball, 6)
Batting: LHB Stanley Smith 0-0: Ball
1-0: Fly out, F8 (Flyball, 8RXD)
Runner from 2nd tags up, SAFE at 3rd, no throw
Batting: LHB Juan Cortés 0-0: Ball
1-0: Foul Ball, location: 2F
1-1: SINGLE (Line Drive, 34D)
Jimmy Vickers scores
Batting: RHB Enzo Díaz 0-0: Ball
1-0: Ball
2-0: Called Strike
2-1: Ball
3-1: Called Strike
3-2: Ground out 5-3 (Groundball, 56)
Top of the 9th over - 1 run, 2 hits, 0 errors, 1 left on base; Greenville 5 - Chicago 5
BOTTOM OF THE 9TH
Chicago Machine batting - Pitching for Greenville 84s : LHP Walt MacKey
Now at 2B: Ramiro Chávez
Batting: RHB Pablo Sandoval 0-0: Foul Ball, location: 2F
0-1: TRIPLE (Flyball, 78XD)
Batting: SHB José Alomar 0-0: Ball
1-0: Called Strike
1-1: Fly out, F8 (Flyball, 8RM)
Runner from 3rd tags up, SCORES, no throw
Saturday, April 7th, 2018 - OOTP Baseball 18.8 Build 76